Map: Pillars of Gold LE

Players

ilo - Winner!

  • Race: Terran Terran
  • Spawn Location: 1:00

Seijan

  • Race: Terran Terran
  • Spawn Location: 7:00

VOD

Have the link to the VOD?

Description

Time

  • Played on: Aug. 20, 2020, 7:23 p.m.
  • Length: 6:43
Show
View Real Time Build Order
Export as new Build Order

ilo Terran - Winner!

Build Orders:  

Get SALT Encoding   

  12  0:13  Supply Depot  
  12  0:20  Refinery  
  12  0:37  Barracks  
  12  0:40  SCV  
  13  0:48  Refinery  
  13  0:52  SCV  
  14  1:09  SCV  
  15  1:21  SCV  
  16  1:27  Bunker  
  16  1:37  Factory  
  16  1:51  Orbital Command  
  16  1:57  Marine  
  17  2:17  SCV  
  18  2:33  Starport  
  18  2:41  Starport  
  18  2:48  Supply Depot  
  18  2:58  Supply Depot  
  18  3:21  Fusion Core  
  18  3:22  Starport Tech Lab  
  18  3:24  Starport Tech Lab  
  18  4:09  Battlecruiser  
  24  4:31  Battlecruiser  
  30  5:14  Command Center  
  30  5:29  Battlecruiser  
  36  6:27  Refinery  
Show
View Real Time Build Order
Export as new Build Order

Seijan Terran 

Build Orders: Mech 

Get SALT Encoding   

  12  0:01  SCV  
  13  0:13  SCV  
  14  0:20  Supply Depot  
  14  0:26  SCV  
  15  0:41  SCV  
  15  0:42  Barracks  
  16  0:50  Refinery  
  16  0:53  SCV  
  17  1:05  SCV  
  18  1:18  SCV  
  19  1:32  Orbital Command  
  19  1:42  Marine  
  20  1:57  Command Center  
  20  2:02  Supply Depot  
  20  2:17  Factory  
  20  2:19  SCV  
  21  2:31  SCV  
  22  2:37  Barracks Reactor  
  22  2:43  SCV  
  23  2:55  SCV  
  24  2:59  Refinery  
  24  3:02  Factory Tech Lab  
  24  3:08  SCV, Factory Tech Lab  
  25  3:16  Starport, Factory Tech Lab  
  25  3:20  SCV x2  
  27  3:32  SCV x2  
  29  3:36  Marine  
  29  3:37  Marine  
  31  3:44  SCV x2  
  33  3:50  Siege Tank  
  33  3:54  Marine  
  33  3:55  Marine  
  38  3:56  SCV x2  
  40  4:08  SCV x2  
  42  4:12  Marine x2  
  44  4:17  Starport Tech Lab  
  44  4:20  SCV x2  
  46  4:34  Supply Depot  
  46  4:37  Supply Depot  
  46  4:40  Supply Depot  
  46  4:42  Supply Depot  
  46  4:43  Supply Depot  
  46  4:46  Refinery  
  46  4:47  Refinery  
  46  4:55  SCV x2, Banshee  
  46  4:58  Cloaking Field  
  51  5:07  Marine x2, SCV x2  
  55  5:19  SCV x2  
  57  5:24  Factory  
  57  5:25  Marine x2  
  57  5:26  Factory  
  59  5:31  SCV x2  
  64  5:43  Marine x2, SCV  
  64  5:44  SCV  
  68  6:00  Marine  
  68  6:01  Marine  
  50  6:18  Marine  
  50  6:19  Marine  
Tags
 
Composition
Mech
Matchup
TvT
Race
Terran
Spawn Locations
Cross Positions
Add a new tag
Caveats
  • Supply blocks, unpowered buildings, or Contaminate may cause inaccurate times.
  • Supply counts are checked every 10 seconds.